 Dungeon Sprint DCSS version 0.17-a0-1442-g10bb59b (webtiles) character file.

55633 nuthulu the Demonic Aeon (level 14, -20/129 HPs)
             Began as a Demonspawn Gladiator on June 27, 2015.
             Was the Champion of Cheibriados.
             Killed from afar by a hellion (21 damage)
             ... with a burst of hellfire
             ... in the Dungeon (Sprint V: "Ziggurat Sprint").
             The game lasted 00:07:56 (1603 turns).

nuthulu the Demonic Aeon (Demonspawn Gladiator)     Turns: 1603, Time: 00:07:56

Health: -20/129    AC: 36    Str: 42 (43) XL:     14   Next: 39%
Magic:  0/28       EV: 15    Int: 24      God:    Cheibriados [******]
Gold:   0          SH: 38    Dex: 27 (28) Spells: 0 memorised, 13 levels left

rFire  + . .     SeeInvis +     J - +6 shillelagh "Devastator" {shatter}
rCold  + . .     Clarity  .     N - +9 armour of the Dragon King {rPois rF+ rC+ MR+}
rNeg   + + +     SustAt   .     L - +18 shield of the gong {rElec rN+ MR+ EV-5}
rPois  +         Gourm    .     U - +2 hat of the Bear Spirit {Spirit, +Rage rN+ MR++}
rElec  +         Spirit   +     (no cloak)
rCorr  .         Warding  +     Q - +1 pair of gloves {archery}
rMut   .         NoTele   +     (no boots)
MR     +++++                    o - amulet "Nuzit" {Ward +Fly rN+}
Stlth  ..........               P - ring "Naakuury" {+Fly rPois rN+ SInv}
                                H - +6 ring of strength

@: studying 2 skills, very slow, almost entirely resistant to hostile
enchantments, extremely unstealthy
A: claws 2, large bone plates 1, deterioration 1, spiny 2, magic shield, magic
regeneration, magic link
a: Bend Time, Temporal Distortion, Slouch, Step From Time, Renounce Religion,
Evoke Berserk Rage, Evoke Flight


You were in the Dungeon.
You worshipped Cheibriados.
Cheibriados was exalted by your worship.
You were hungry.

You visited 1 branch

Inventory:

Hand weapons
 a - a +0 flail
 J - the +6 shillelagh "Devastator" (weapon) {shatter}
   (You found it in the Dungeon)
Missiles
 d - 3 throwing nets (quivered)
Armour
 b - a +0 leather armour
 c - a +0 helmet
 L - the +18 shield of the gong (worn) {rElec rN+ MR+ EV-5}
   (You found it in the Dungeon)

   It affects your evasion (-5).
   It insulates you from electricity.
   It protects you from negative energy.
   It affects your resistance to hostile enchantments.
 N - the +9 armour of the Dragon King (worn) {rPois rF+ rC+ MR+}
   (You found it in the Dungeon)

   It protects you from fire.
   It protects you from cold.
   It protects you from poison.
   It affects your resistance to hostile enchantments.
 Q - a +1 pair of gloves of archery (worn)
 U - the +2 hat of the Bear Spirit (worn) {Spirit, +Rage rN+ MR++}
   (You found it in the Dungeon)

   It protects you from negative energy.
   It affects your resistance to hostile enchantments.
   It lets you go berserk.
Rods
 O - a +4 lightning rod (14/14)
   (You took it off a wight in the Dungeon)
 S - a cursed +5 rod of the swarm (14/14)
   (You found it in the Dungeon)
 T - a +5 lightning rod (11/11)
   (You found it in the Dungeon)
Jewellery
 o - the amulet "Nuzit" (around neck) {Ward +Fly rN+}
   (You found it in the Dungeon)

   [amulet of warding]

   It may prevent the melee attacks of summoned creatures.
   It protects you from negative energy.
   It lets you fly.
 D - a +6 ring of dexterity
 E - a +6 ring of dexterity
 F - a +6 ring of intelligence
 G - a +6 ring of intelligence
 H - a +6 ring of strength (left hand)
 I - a +6 ring of strength
 K - an uncursed ring of protection from magic
 P - the ring "Naakuury" (right hand) {+Fly rPois rN+ SInv}
   (You found it in the Dungeon)

   [ring of flight]

   It protects you from poison.
   It protects you from negative energy.
   It lets you see invisible.
   It lets you fly.
 V - a cursed +5 ring of strength
Magical devices
 y - a wand of disintegration (7)
 A - a wand of fire (5)
 B - a wand of cold (5)
 C - a wand of draining (5)
Scrolls
 k - 4 scrolls of blinking
 r - 4 scrolls of amnesia
 s - 3 scrolls of recharging
 t - 7 scrolls of fog
 u - 5 scrolls of identify
 v - 5 scrolls of remove curse
 w - 2 scrolls of fear
 M - 5 scrolls of brand weapon
Potions
 f - 10 potions of curing
 g - 11 potions of heal wounds
 h - 6 potions of haste
 i - 5 potions of magic
 j - 3 potions of berserk rage
 l - 2 potions of brilliance
 m - 2 potions of invisibility
 n - 4 potions of resistance
 p - 5 potions of agility
 q - 6 potions of might
Books
 R - a manual of Fire Magic
 W - a manual of Polearms
Comestibles
 e - 4 bread rations
 x - 42 fruits
 z - 4 meat rations


   Skills:
 + Level 17.7 Fighting
 + Level 16.5 Maces & Flails
 - Level 1.7 Throwing
 + Level 15.8 Armour
 + Level 12.8 Dodging
 + Level 15.8 Shields
 + Level 21.1 Invocations


You had 13 spell levels left.
You didn't know any spells.

Dungeon Overview and Level Annotations

Branches:
Dungeon (1/1)

Altars:
Ashenzari
Cheibriados
Dithmenos
Elyvilon
Fedhas
Gozag
Kikubaaqudgha
Makhleb
Nemelex Xobeh
Okawaru
Qazlal
Ru
Sif Muna
Trog
Vehumet
Xom
Yredelemnul
Zin
The Shining One
Beogh
Jiyva
Lugonu


Innate Abilities, Weirdness & Mutations

You have very sharp fingernails.
You are partially covered in large bone plates (AC +2, SH +2).
You are mostly covered in sharp spines.
When hurt, damage is shared between your health and your magic reserves.
You regenerate magic rapidly.
When low on magic, you restore magic in place of health.
Your body sometimes deteriorates upon taking damage.


Message History

The hellion gestures at you.
The hellfire explodes!
The burst of hellfire engulfs you!
* * * LOW HITPOINT WARNING * * *
The burst of hellfire engulfs the mummy.
The mummy is destroyed!
You block the reaper's attack.
GONNNNG!
Drink which item? (? for menu, Esc to quit)
You feel much better. You block the reaper's attack.
GONNNNG!
The reaper draws a finger across its throat.
The reaper hits you from afar with a scythe of venom!!
* * * LOW HITPOINT WARNING * * *
Unknown command.
The hellion gestures at you.
The hellfire explodes!
The burst of hellfire engulfs you!
* * * LOW HITPOINT WARNING * * *
The hellion gestures at you.
The hellfire explodes!
The burst of hellfire engulfs you!
You die...

▓.:.=[..):)...▓.........
▓..|=):))=))..▓.........
▓.............▓..▓.....▓
▓.............▓.▓▓▓...▓▓
▓.............▓..▓.....▓
▓.....z5......▓.........
▓.....2222....▓▓▓▓▓▓▓▓▓▓
▓.............▓...8©8...
▓..▓...@...▓..▓..}.)=|}.
▓.............▓..}:.)=..
▓.............▓.........
▓.............▓.....)...
▓▓▓▓▓▓▓▓▓▓▓▓▓▓▓..)......
▓...†..... ▓.........
▓......... ▓.........


You could see 3 reapers, a skeletal warrior, a hellion and an iron imp.

Vanquished Creatures
  2 liches (D)
  A deep elf blademaster (D)
  4 deep elf master archers (D)
  A deep elf sorcerer (D)
  A reaper (D)
  A vampire knight (D)
  An apis (D)
  A dire elephant (D)
  2 death oozes (D)
  A merfolk javelineer (D)
  A deep elf death mage (D)
  2 deep elf high priests (D)
  2 crystal guardians (D)
  A great orb of eyes (D)
  2 centaur warriors (D)
  An anaconda (D)
  6 spriggan air magi (D)
  2 vampire magi (D)
  2 spriggan berserkers (D)
  7 deep elf knights (D)
  6 iron golems (D)
  2 skeletal warriors (D)
  A deep elf summoner (D)
  A wolf spider (D)
  A necromancer (D)
  A phantasmal warrior (D)
  2 deep elf conjurers (D)
  A shining eye (D)
  2 cyclopes (D)
  A rust devil (D)
  3 eyes of devastation (D)
  2 black mambas (D)
  A hellion (D)
  A naga mage (D)
  A gargoyle (D)
  A tormentor (D)
  5 yaktaurs (D)
  A red devil (D)
  5 slime creatures (D)
  3 flying skulls (D)
  A tarantella (D)
  4 deep elf fighters (D)
  2 wraiths (D)
  2 deep elf magi (D)
  A redback (D)
  2 golden eyes (D)
  8 nagas (D)
  A porcupine (D)
  4 water moccasins (D)
  2 necrophages (D)
  2 centaurs (D)
  3 earth elementals (D)
  2 wights (D)
  8 scorpions (D)
  7 jellies (D)
  An iron imp (D)
  A sheep (D)
  A river rat (D)
  8 adders (D)
  An ooze (D)
  An adder skeleton (D)
  2 adder zombies (D)
  3 ball pythons (D)
  2 bat zombies (D)
  A ball python zombie (D)
  2 giant cockroach zombies (D)
  A jackal zombie (D)
  A butterfly (D)
  3 fungi (D)
159 creatures vanquished.

Vanquished Creatures (others)
  A mummy (D)
  A bat skeleton (D)
2 creatures vanquished.

Grand Total: 161 creatures vanquished

Notes
Turn   | Place    | Note
--------------------------------------------------------------
     0 | D        | nuthulu the Demonspawn Gladiator began the quest for the Orb.
     0 | D        | Reached XP level 1. HP: 16/16 MP: 1/1
     0 | D        | Found a roughly hewn altar of Beogh.
     0 | D        | Found a corrupted altar of Lugonu.
     0 | D        | Found a viscous altar of Jiyva.
     0 | D        | Found a white marble altar of Elyvilon.
     0 | D        | Found a sparkling altar of Nemelex Xobeh.
     0 | D        | Found a burning altar of Makhleb.
     0 | D        | Found an iron altar of Okawaru.
     0 | D        | Found a deep blue altar of Sif Muna.
     0 | D        | Found a radiant altar of Vehumet.
     0 | D        | Found a bloodstained altar of Trog.
     0 | D        | Found a shimmering altar of Xom.
    48 | D        | Reached skill level 5 in Fighting
    48 | D        | Reached skill level 5 in Maces & Flails
    48 | D        | Gained mutation: You are partially covered in sharp spines. [demonic ancestry]
    48 | D        | Reached XP level 2. HP: 20/27 MP: 2/2
    50 | D        | Became a worshipper of Cheibriados the Contemplative
   124 | D        | Entered arena 1.
   124 | D        | Noticed a scorpion
   124 | D        | Noticed a scorpion
   127 | D        | Killed a scorpion
   127 | D        | Reached skill level 6 in Fighting
   127 | D        | Reached skill level 1 in Armour
   127 | D        | Reached skill level 1 in Shields
   127 | D        | Reached XP level 3. HP: 32/34 MP: 2/4
   128 | D        | Killed a scorpion
   128 | D        | Acquired Cheibriados's first power
   128 | D        | Reached XP level 4. HP: 37/41 MP: 2/6
   166 | D        | Entered arena 2.
   166 | D        | Noticed a porcupine
   171 | D        | Killed a porcupine
   171 | D        | Reached skill level 7 in Fighting
   171 | D        | Reached skill level 5 in Invocations
   171 | D        | Reached XP level 5. HP: 37/48 MP: 6/9
   236 | D        | Entered arena 3.
   236 | D        | Noticed a naga
   240 | D        | Acquired Cheibriados's second power
   242 | D        | Killed a naga
   242 | D        | Reached XP level 6. HP: 49/56 MP: 9/11
   247 | D        | Got the ring of Vaanuy Vuun {Fire Str+4}
   308 | D        | Entered arena 4.
   308 | D        | Noticed a jelly
   308 | D        | Noticed a jelly
   308 | D        | Noticed a golden eye
   313 | D        | Acquired Cheibriados's third power
   313 | D        | Reached skill level 8 in Fighting
   317 | D        | Killed a jelly
   318 | D        | Killed a jelly
   318 | D        | Acquired Cheibriados's fourth power
   318 | D        | Reached skill level 5 in Armour
   318 | D        | Reached skill level 5 in Shields
   319 | D        | Killed a golden eye
   319 | D        | Gained mutation: You have sharp fingernails. [demonic ancestry]
   319 | D        | Reached XP level 7. HP: 60/63 MP: 11/13
   384 | D        | Entered arena 5.
   384 | D        | Noticed a deep elf knight
   384 | D        | Noticed a deep elf death mage
   384 | D        | Noticed a deep elf knight
   384 | D        | Noticed a deep elf fighter
   386 | D        | Killed a deep elf fighter
   388 | D        | Killed a deep elf knight
   388 | D        | Reached skill level 9 in Fighting
   388 | D        | Reached skill level 10 in Invocations
   388 | D        | Gained mutation: When hurt, damage is shared between your health and your magic reserves. [demonic ancestry]
   388 | D        | Reached XP level 8. HP: 69/71 MP: 3/15
   388 | D        | Killed a deep elf knight
   388 | D        | Reached skill level 10 in Fighting
   389 | D        | Killed a deep elf death mage
   389 | D        | Reached skill level 10 in Maces & Flails
   389 | D        | Reached skill level 11 in Invocations
   389 | D        | Reached XP level 9. HP: 73/79 MP: 3/17
   476 | D        | Entered arena 6.
   476 | D        | Noticed a naga
   476 | D        | Noticed a black mamba
   476 | D        | Noticed a naga
   476 | D        | Noticed a water moccasin
   478 | D        | Killed a black mamba
   478 | D        | Reached skill level 12 in Invocations
   478 | D        | Killed a water moccasin
   480 | D        | Killed a naga
   482 | D        | Killed a naga
   509 | D        | Entered arena 7.
   509 | D        | Noticed a deep elf fighter
   509 | D        | Noticed a deep elf conjurer
   509 | D        | Noticed a deep elf summoner
   509 | D        | Noticed a deep elf knight
   509 | D        | Noticed a deep elf mage
   511 | D        | Killed a deep elf mage
   512 | D        | Killed a deep elf knight
   512 | D        | Gained mutation: You regenerate magic rapidly. [demonic ancestry]
   512 | D        | Reached XP level 10. HP: 82/88 MP: 12/19
   512 | D        | Killed a deep elf fighter
   513 | D        | Killed a deep elf summoner
   513 | D        | Reached skill level 13 in Invocations
   515 | D        | Killed a deep elf conjurer
   578 | D        | Entered arena 8.
   578 | D        | Noticed a naga
   578 | D        | Noticed a black mamba
   578 | D        | Noticed a naga
   578 | D        | Noticed a water moccasin
   578 | D        | Noticed a naga
   580 | D        | Killed a black mamba
   580 | D        | Killed a water moccasin
   580 | D        | Reached skill level 10 in Armour
   583 | D        | Killed a naga
   583 | D        | Killed a naga
   583 | D        | Reached skill level 10 in Shields
   588 | D        | Killed a naga
   611 | D        | Got the amulet "Nuzit" {Ward +Fly rN+}
   616 | D        | Entered arena 9.
   616 | D        | Noticed a scorpion
   616 | D        | Noticed a tarantella
   616 | D        | Noticed a scorpion
   616 | D        | Noticed a scorpion
   616 | D        | Noticed a redback
   616 | D        | Noticed a scorpion
   616 | D        | Noticed a scorpion
   616 | D        | Noticed a scorpion
   618 | D        | Killed a scorpion
   619 | D        | Killed a tarantella
   619 | D        | Killed a scorpion
   619 | D        | Killed a redback
   620 | D        | Killed a scorpion
   622 | D        | Killed a scorpion
   622 | D        | Killed a scorpion
   622 | D        | Reached skill level 14 in Invocations
   622 | D        | Killed a scorpion
   631 | D        | Entered arena 10.
   631 | D        | Noticed a water moccasin
   631 | D        | Noticed a naga mage
   631 | D        | Noticed a naga
   631 | D        | Noticed a naga
   631 | D        | Noticed a water moccasin
   634 | D        | Killed a water moccasin
   635 | D        | Killed a naga
   635 | D        | Killed a water moccasin
   638 | D        | Killed a naga
   641 | D        | Killed a naga mage
   661 | D        | Entered arena 11.
   661 | D        | Noticed a vampire knight
   661 | D        | Noticed a lich
   661 | D        | Noticed a necromancer
   661 | D        | Noticed a vampire mage
   661 | D        | Noticed a necrophage
   661 | D        | Noticed a vampire mage
   662 | D        | Noticed a lich
   662 | D        | Noticed a skeletal warrior
   663 | D        | Killed a necrophage
   664 | D        | Noticed a wight
   664 | D        | Killed a vampire mage
   664 | D        | Gained mutation: You are partially covered in large bone plates (AC +2, SH +2). [demonic ancestry]
   664 | D        | Reached XP level 11. HP: 94/96 MP: 11/21
   664 | D        | Killed a vampire mage
   664 | D        | Killed a necromancer
   664 | D        | Killed a wight
   666 | D        | Noticed a phantasmal warrior
   666 | D        | Killed a lich
   666 | D        | Reached skill level 15 in Invocations
   666 | D        | Killed a skeletal warrior
   667 | D        | Killed a vampire knight
   667 | D        | Reached skill level 16 in Invocations
   667 | D        | Killed a lich
   794 | D        | Entered arena 12.
   794 | D        | Noticed a wight
   794 | D        | Noticed a flying skull
   794 | D        | Noticed a wraith
   795 | D        | Noticed a red devil
   795 | D        | Noticed a hellion
   795 | D        | Noticed a necrophage
   796 | D        | Killed a flying skull
   796 | D        | Killed a wight
   799 | D        | Killed a hellion
   799 | D        | Killed a necrophage
   800 | D        | Killed a wraith
   803 | D        | Killed a red devil
   803 | D        | Gained mutation: You are mostly covered in sharp spines. [demonic ancestry]
   803 | D        | Reached XP level 12. HP: 95/107 MP: 18/24
   807 | D        | Got the ring "Naakuury" {+Fly rPois rN+ SInv}
   841 | D        | Entered arena 13.
   842 | D        | Noticed an iron golem
   842 | D        | Noticed an iron golem
   842 | D        | Noticed a crystal guardian
   842 | D        | Noticed an iron golem
   842 | D        | Noticed an earth elemental
   843 | D        | Noticed an earth elemental
   843 | D        | Noticed an iron golem
   843 | D        | Noticed a gargoyle
   843 | D        | Noticed an earth elemental
   843 | D        | Noticed a crystal guardian
   843 | D        | Noticed an iron golem
   843 | D        | Noticed an iron golem
   845 | D        | Killed a gargoyle
   848 | D        | Killed an earth elemental
   848 | D        | Killed a crystal guardian
   853 | D        | Killed an iron golem
   853 | D        | Reached skill level 17 in Invocations
   854 | D        | Killed a crystal guardian
   854 | D        | Killed an iron golem
   854 | D        | Killed an iron golem
   855 | D        | Killed an iron golem
   858 | D        | Killed an iron golem
   858 | D        | Killed an earth elemental
   858 | D        | Reached skill level 15 in Fighting
   858 | D        | Killed an earth elemental
   864 | D        | Killed an iron golem
  1038 | D        | Entered arena 14.
  1042 | D        | Noticed an anaconda
  1042 | D        | Noticed a spriggan air mage
  1042 | D        | Noticed an apis
  1042 | D        | Noticed a spriggan air mage
  1042 | D        | Noticed a spriggan berserker
  1043 | D        | Noticed a wolf spider
  1043 | D        | Noticed a spriggan air mage
  1043 | D        | Noticed a spriggan air mage
  1043 | D        | Killed a spriggan air mage
  1044 | D        | Noticed a spriggan berserker
  1044 | D        | Noticed a dire elephant
  1044 | D        | Noticed a spriggan air mage
  1044 | D        | Killed an anaconda
  1044 | D        | Killed a wolf spider
  1044 | D        | Killed a spriggan air mage
  1044 | D        | Reached skill level 18 in Invocations
  1044 | D        | Killed a spriggan berserker
  1044 | D        | Reached skill level 5 in Dodging
  1044 | D        | Killed a spriggan air mage
  1044 | D        | Killed a spriggan air mage
  1045 | D        | Noticed a spriggan air mage
  1045 | D        | Killed a spriggan berserker
  1045 | D        | Killed a spriggan air mage
  1046 | D        | Killed an apis
  1046 | D        | Gained mutation: When low on magic, you restore magic in place of health. [demonic ancestry]
  1046 | D        | Reached XP level 13. HP: 114/117 MP: 10/26
  1048 | D        | Killed a spriggan air mage
  1052 | D        | Killed a dire elephant
  1073 | D        | Entered arena 15.
  1119 | D        | Noticed a cyclops
  1119 | D        | Noticed a yaktaur
  1119 | D        | Noticed a yaktaur
  1119 | D        | Noticed a merfolk javelineer
  1119 | D        | Noticed a cyclops
  1119 | D        | Noticed a centaur warrior
  1119 | D        | Noticed a centaur
  1119 | D        | Noticed a centaur warrior
  1119 | D        | Noticed a deep elf master archer
  1119 | D        | Noticed a yaktaur
  1119 | D        | Noticed a deep elf master archer
  1120 | D        | Killed a centaur
  1120 | D        | Identified a +4 rod of inaccuracy (13/13)
  1121 | D        | Noticed a centaur
  1121 | D        | Noticed a yaktaur
  1121 | D        | Killed a centaur warrior
  1121 | D        | Killed a yaktaur
  1121 | D        | Killed a centaur
  1121 | D        | Killed a centaur warrior
  1122 | D        | Noticed a yaktaur
  1122 | D        | Killed a yaktaur
  1122 | D        | Killed a yaktaur
  1123 | D        | Killed a yaktaur
  1123 | D        | Killed a deep elf master archer
  1123 | D        | Reached skill level 15 in Maces & Flails
  1123 | D        | Reached skill level 19 in Invocations
  1123 | D        | Killed a deep elf master archer
  1124 | D        | Killed a merfolk javelineer
  1124 | D        | Reached skill level 10 in Dodging
  1124 | D        | Killed a yaktaur
  1127 | D        | Killed a cyclops
  1127 | D        | Killed a cyclops
  1239 | D        | Entered arena 16.
  1242 | D        | Noticed a deep elf conjurer
  1242 | D        | Noticed a deep elf master archer
  1242 | D        | Noticed a deep elf knight
  1242 | D        | Noticed a deep elf blademaster
  1242 | D        | Noticed a deep elf fighter
  1242 | D        | Noticed a deep elf fighter
  1242 | D        | Noticed a deep elf mage
  1242 | D        | Noticed a deep elf master archer
  1242 | D        | Noticed a deep elf sorcerer
  1242 | D        | Noticed a deep elf knight
  1244 | D        | Noticed a deep elf high priest
  1244 | D        | Killed a deep elf fighter
  1244 | D        | Killed a deep elf fighter
  1244 | D        | Killed a deep elf mage
  1245 | D        | Noticed a deep elf knight
  1245 | D        | Noticed a deep elf high priest
  1245 | D        | Killed a deep elf blademaster
  1245 | D        | Killed a deep elf conjurer
  1245 | D        | Killed a deep elf knight
  1245 | D        | Killed a deep elf sorcerer
  1246 | D        | Noticed a deep elf knight
  1246 | D        | Killed a deep elf master archer
  1246 | D        | Reached skill level 15 in Armour
  1246 | D        | Reached skill level 20 in Invocations
  1246 | D        | Killed a deep elf high priest
  1246 | D        | Reached skill level 15 in Shields
  1246 | D        | Killed a deep elf master archer
  1246 | D        | Gained mutation: You have very sharp fingernails. [demonic ancestry]
  1246 | D        | Reached XP level 14. HP: 86/128 MP: 7/28
  1246 | D        | Killed a deep elf knight
  1248 | D        | Killed a deep elf knight
  1248 | D        | Killed a deep elf high priest
  1256 | D        | Killed a deep elf knight
  1399 | D        | Entered arena 17.
  1402 | D        | Noticed an eye of devastation
  1402 | D        | Noticed a slime creature
  1402 | D        | Noticed a slime creature
  1402 | D        | Noticed a jelly
  1402 | D        | Noticed an eye of devastation
  1402 | D        | Noticed a death ooze
  1402 | D        | Noticed an eye of devastation
  1402 | D        | Noticed a golden eye
  1402 | D        | Noticed a slime creature
  1403 | D        | Killed a golden eye
  1403 | D        | Killed a jelly
  1405 | D        | Killed a death ooze
  1405 | D        | Killed a slime creature
  1405 | D        | Killed a slime creature
  1406 | D        | Killed a slime creature
  1407 | D        | Noticed a death ooze
  1407 | D        | Noticed a slime creature
  1407 | D        | Noticed a jelly
  1407 | D        | Noticed a jelly
  1407 | D        | Noticed a shining eye
  1407 | D        | Noticed a jelly
  1407 | D        | Noticed a jelly
  1407 | D        | Noticed a slime creature
  1407 | D        | Noticed a great orb of eyes
  1416 | D        | Killed an eye of devastation
  1417 | D        | Killed a jelly
  1417 | D        | Killed a jelly
  1417 | D        | Killed a jelly
  1417 | D        | Killed a jelly
  1418 | D        | Killed a death ooze
  1420 | D        | Killed a slime creature
  1423 | D        | Killed an eye of devastation
  1423 | D        | Killed a slime creature
  1424 | D        | Killed an eye of devastation
  1424 | D        | Killed a great orb of eyes
  1424 | D        | Gained mutation: Your body sometimes deteriorates upon taking damage. [a shining eye]
  1427 | D        | Killed a shining eye
  1588 | D        | Entered arena 18.
  1591 | D        | Noticed a phantasmal warrior
  1591 | D        | Noticed a rust devil
  1591 | D        | Noticed a flying skull
  1591 | D        | Noticed a tormentor
  1591 | D        | Noticed a reaper
  1591 | D        | Noticed a reaper
  1591 | D        | Noticed a wraith
  1592 | D        | Noticed a skeletal warrior
  1592 | D        | Noticed a flying skull
  1592 | D        | Noticed a reaper
  1592 | D        | Noticed a reaper
  1592 | D        | Killed a flying skull
  1592 | D        | Killed a flying skull
  1593 | D        | Killed a tormentor
  1593 | D        | Killed a wraith
  1594 | D        | Noticed an iron imp
  1594 | D        | Noticed a hellion
  1594 | D        | Killed a phantasmal warrior
  1594 | D        | Killed a rust devil
  1594 | D        | Reached skill level 21 in Invocations
  1594 | D        | Killed an iron imp
  1595 | D        | Noticed an iron imp
  1596 | D        | Noticed a skeletal warrior
  1597 | D        | Killed a skeletal warrior
  1598 | D        | Killed a reaper
  1603 | D        | HP: 1/129 [hellion/burst of hellfire (12)]
  1603 | D        | Killed from afar by a hellion

Vault maps used:
D:        sprint_v

Action                   |  1- 3 |  4- 6 |  7- 9 | 10-12 | 13-15 || total
-------------------------+-------+-------+-------+-------+-------++-------
Melee: Shillelagh        |     3 |    17 |     7 |    46 |    32 ||   105
Invok: Slouch            |       |       |     4 |    15 |    19 ||    38
  Use: Potion            |     1 |       |       |     1 |     4 ||     6
  Eat: Bread ration      |       |       |       |     1 |       ||     1
